 Dungeon Crawl Stone Soup version 0.27.1-2-g3b301248ec (webtiles) character file.

Game seed: 12239328277544392923

6082 rogsnak the Thaumaturge (level 10, -10/78 HPs)
             Began as a Purple Draconian Air Elementalist on Sept 30, 2021.
             Was a Believer of Ru.
             Mangled by Erolcha (21 damage)
             ... on level 9 of the Dungeon.
             The game lasted 00:30:05 (11665 turns).

rogsnak the Thaumaturge (DrAE)                     Turns: 11665, Time: 00:30:06

Health: -10/78     AC:  8    Str: 15    XL:     10   Next: 58%
Magic:  21/24      EV: 14    Int: 18    God:    Ru [**....]
Gold:   419        SH:  5    Dex: 15    Spells: 21/29 levels left

rFire    . . .     SeeInvis .   B - +7 dagger of Ancient Evil {drain, rElec Str+3 Dex+4}
rCold    . . .     Faith    .   (no shield)
rNeg     . . .     Spirit   .   (armour unavailable)
rPois    +         Reflect  +   (helmet restricted)
rElec    +         Harm     .   (no cloak)
rCorr    .         Rampage  .   i - +0 pair of gloves
Will     ++...                  (no boots)
Stlth    ++........             p - amulet of reflection
HPRegen  0.23/turn              c - ring of willpower
MPRegen  0.19/turn              H - ring of poison resistance

@: short of breath
A: breathe power, AC +7, unfitting armour, cold-blooded, inability to use
devices
a: Breathe Dispelling Energy, Renounce Religion


You were on level 9 of the Dungeon.
You worshipped Ru.
Ru was pleased with you.
You visited 2 branches of the dungeon, and saw 10 of its levels.

You collected 419 gold pieces.

Inventory:

Hand Weapons
 y - a +1 mace of holy wrath
 A - a +2 dagger of venom
 B - the +7 dagger of Ancient Evil (weapon) {drain, rElec Str+3 Dex+4}
   (You took it off an orc on level 5 of the Dungeon)

   A truly terrible weapon, it drains the life of any living foe it strikes.
   Str:       It affects your strength (+3).
   Dex:       It affects your dexterity (+4).
   rElec:     It insulates you from electricity.
 L - a +3 battleaxe of freezing
Missiles
 b - 60 sling bullets
 d - 266 stones
 t - 4 throwing nets
 v - 10 boomerangs
 z - 36 poisoned darts
Armour
 i - a +0 pair of gloves (worn)
Magical Staves
 w - a staff of death
Jewellery
 c - a ring of willpower (left hand)
 p - an amulet of reflection (around neck)
 H - a ring of poison resistance (right hand)
Scrolls
 a - a scroll of magic mapping {unknown}
 e - 5 scrolls of amnesia {unknown}
 h - a scroll of blinking {unknown}
 l - 3 scrolls of noise {unknown}
 n - a scroll of torment {unknown}
 q - 3 scrolls of fear {unknown}
 u - 3 scrolls of teleportation {unknown}
 x - 8 scrolls of identify {unknown}
 C - a scroll of immolation {unknown}
 E - 3 scrolls of fog {unknown}
 I - a scroll of brand weapon {unknown}
Potions
 m - a potion of lignification {unknown}
 o - 3 potions of brilliance {unknown}
 r - 7 potions of curing {unknown}
 s - 3 potions of attraction {unknown}
 D - a potion of magic {unknown}
 F - 3 potions of mutation {unknown}
 G - a potion of experience {unknown}
 J - a potion of resistance {unknown}
 K - a potion of flight {unknown}


   Skills:
 + Level 3.9 Fighting
 + Level 4.6 Dodging
 - Level 2.0 Stealth
 + Level 2.7 Shields
 + Level 10.4 Spellcasting
 + Level 6.9 Conjurations
 + Level 9.3 Air Magic


You had 21 spell levels left.
You knew the following spells:

 Your Spells              Type           Power      Damage    Failure   Level
a - Shock                 Conj/Air       100%       1d9       1%          1
b - Swiftness             Air            43%        N/A       1%          3
c - Airstrike             Air            21%        N/A       1%          4

Your spell library contained the following spells:

 Spells                   Type           Power      Damage    Failure   Level
 Poisonous Vapours        Pois/Air       52%        N/A       1%          2
 Static Discharge         Conj/Air       38%        N/A       1%          2
 Sting                    Tmut/Pois      36%        1d4       8%          1
 Ensorcelled Hibernation  Hex/Ice        18%        N/A       12%         2
 Spider Form              Tmut/Pois      4%         N/A       22%         3
 Olgreb's Toxic Radiance  Pois           9%         N/A       58%         4
 Petrify                  Tmut/Erth      9%         N/A       58%         4
 Metabolic Englaciation   Hex/Ice        4%         N/A       91%         5
 Shadow Creatures         Summ           N/A        N/A       100%        6
 Statue Form              Tmut/Erth      6%         N/A       100%        6


Dungeon Overview and Level Annotations

Branches:
Dungeon (9/15)             Temple (1/1) D:7            Lair (0/6) D:9
    Orc: D:9-12

Altars:
Ashenzari
Cheibriados
Dithmenos
Elyvilon
Fedhas
Gozag
Hepliaklqana
Kikubaaqudgha
Makhleb
Nemelex Xobeh
Okawaru
Qazlal
Ru
Sif Muna
Trog
Uskayaw
Vehumet
Wu Jian
Xom
Yredelemnul
Zin
The Shining One

Shops:
D:2 [   D:5 (   D:7 *

Annotations:
D:9 Erolcha


Innate Abilities, Weirdness & Mutations

You can breathe bolts of dispelling energy.
Your rich purple scales are hard. (AC +7)
You cannot fit into any form of body armour.
You are cold-blooded and may be slowed by cold attacks.
You cannot study or use magical devices.


Message History

You hear some strange, mumbled words.
Something tries to affect you, but you resist.
Found a knobbly golden ring.
You have got your breath back.
There is an open door here.
Press: ? - help, Shift-Dir - straight line You breathe a bolt of dispelling energy.
The bolt of dispelling energy hits something.
Reactivating autopickup.
Erolcha's magical effects unravel!
Unknown command.
There is an open door here.
Casting: Shock (safe; 1% risk of failure)
Confirm with . or Enter, or press ? or * to list all spells.
Aiming: Shock (safe; 1% risk of failure)
Press: ? - help, Shift-Dir - straight line The zap hits Erolcha.
Erolcha is heavily wounded.
The zap misses Erolcha.
Unknown command.
Casting: Shock (safe; 1% risk of failure)
Confirm with . or Enter, or press ? or * to list all spells.
Aiming: Shock (safe; 1% risk of failure)
Press: ? - help, Shift-Dir - straight line The zap hits Erolcha.
Erolcha is severely wounded.
The zap hits Erolcha but does no damage.
Erolcha is severely wounded.
Erolcha hits you with a +4 giant club!
* * * LOW HITPOINT WARNING * * *
Casting: Shock (safe; 1% risk of failure)
Confirm with . or Enter, or press ? or * to list all spells.
Aiming: Shock (safe; 1% risk of failure)
Press: ? - help, Shift-Dir - straight line The zap hits Erolcha but does no damage.
Erolcha is severely wounded.
The zap hits Erolcha.
Erolcha is severely wounded.
Erolcha hits you with a +4 giant club!!
You die...

#.##........... #.#
#.#.c.........#.#.
#.#............ .
#.#.########.##.#
#.#.........c.#.####
#.#.########....=...
#.#.########..#..###
#........♣'♣♣♣+♣
########@♣.....♣
#O♣.♣♣♣.♣ #.♣.....♣
#.'.._..+ ##♣.....♣
♣.♣♣♣.♣ ♣.. .♣ ♣+♣♣
♣


You could see Erolcha.

Vanquished Creatures
  A two-headed ogre (D:6)
  Pikel (D:8)
  A troll (D:9)
  A wyvern (D:8)
  A steam dragon (D:8)
  3 vampire mosquitoes
  2 water moccasins
  2 sky beasts
  An ice beast (D:7)
  2 black bears
  5 wolves (D:9)
  3 centaurs (D:9)
  2 lemures (D:8)
  3 ogres
  4 bullfrogs
  A wyvern zombie (D:8)
  A gnoll sergeant (D:8)
  3 scorpions
  A water moccasin zombie (D:5)
  A water moccasin skeleton (D:6)
  4 wights (D:8)
  3 howler monkeys (D:9)
  An electric eel (D:9)
  6 bullfrog zombies (D:5)
  3 centaur zombies
  5 orc priests
  3 hounds
  A gnoll shaman (D:4)
  3 bullfrog skeletons
  3 jellies
  2 centaur skeletons (D:7)
  4 iguanas
  4 orc wizards
  4 killer bee zombies
  2 hound skeletons (D:5)
  A hound zombie (D:5)
  A howler monkey zombie (D:5)
  11 gnolls
  7 adders
  A shadow imp (D:8)
  2 white imps
  2 ufetubi
  2 worms
  2 dart slugs
  19 orcs
  12 endoplasms
  A giant cockroach (D:2)
  8 goblins
  7 hobgoblins
  2 quokkas (D:4)
  3 training dummies (D:5)
  7 ball pythons
  9 bats
  3 frilled lizards (D:2)
  9 kobolds
  9 rats
205 creatures vanquished.

Vanquished Creatures (others)
  A wyvern (D:9)
  14 plants
  6 withered plants (D:5)
21 creatures vanquished.

Grand Total: 226 creatures vanquished

Notes
Turn   | Place    | Note
-------+----------+-------------------------------------------
     0 | D:1      | rogsnak the Draconian Air Elementalist began the quest for
                  | the Orb.
     0 | D:1      | Reached XP level 1. HP: 14/14 MP: 3/3
   324 | D:1      | Reached XP level 2. HP: 20/20 MP: 3/5
  1117 | D:2      | Reached XP level 3. HP: 26/26 MP: 1/6
  1450 | D:2      | You fall into a shaft and drop 2 floors!
  1617 | D:4      | Reached XP level 4. HP: 33/33 MP: 2/8
  1840 | D:4      | Noticed a sky beast
  2148 | D:2      | Reached skill level 3 in Spellcasting
  2515 | D:2      | Found Uddy's Antique Armour Emporium.
  2761 | D:2      | Found a faded altar of an unknown god.
  2973 | D:3      | Found a radiant altar of Vehumet.
  3016 | D:3      | Reached XP level 5. HP: 37/38 MP: 2/9
  3616 | D:3      | Found an ornate altar of the Wu Jian Council.
  4039 | D:4      | Killed a sky beast
  4040 | D:4      | Reached skill level 4 in Spellcasting
  4040 | D:4      | Reached XP level 6. HP: 37/45 MP: 10/12
  4112 | D:4      | Found a snail-covered altar of Cheibriados.
  4239 | D:4      | Reached skill level 5 in Air Magic
  4413 | D:4      | Your scales start taking on a rich purple colour.
  4413 | D:4      | Reached skill level 5 in Spellcasting
  4413 | D:4      | Reached XP level 7. HP: 43/51 MP: 11/15
  4567 | D:4      | Learned a level 3 spell: Swiftness
  4572 | D:4      | Learned a level 4 spell: Airstrike
  4812 | D:4      | Found a hazy altar of Hepliaklqana.
  4812 | D:4      | Found a faded altar of an unknown god.
  4819 | D:4      | Found a sparkling altar of Nemelex Xobeh.
  4821 | D:4      | Found an opulent altar of Gozag.
  4823 | D:4      | Found an ancient bone altar of Kikubaaqudgha.
  5336 | D:5      | Entered Level 5 of the Dungeon
  5343 | D:5      | Reached skill level 1 in Fighting
  5604 | D:5      | Reached skill level 6 in Spellcasting
  5739 | D:5      | Found Xocsos's Firing Range.
  5747 | D:5      | Identified the +1 ring mail of Ciasuup {rF- Int+2 Dex+3}
  5923 | D:5      | Reached skill level 1 in Shields
  5923 | D:5      | Reached XP level 8. HP: 61/61 MP: 11/17
  6202 | D:5      | Identified the +7 dagger of Ancient Evil {drain, rElec
                  | Str+3 Dex+4}
  6369 | D:5      | Found a shimmering altar of Xom.
  6445 | D:5      | Reached skill level 5 in Conjurations
  6490 | D:5      | Found a broken altar of Ashenzari.
  7132 | D:6      | Reached skill level 7 in Spellcasting
  7724 | D:6      | Noticed a two-headed ogre
  7756 | D:6      | Killed a two-headed ogre
  7757 | D:6      | Reached skill level 8 in Spellcasting
  7757 | D:6      | Reached XP level 9. HP: 37/68 MP: 0/21
  8292 | D:7      | Found Ropywekk's Gadget Gallery.
  8568 | D:7      | Found a staircase to the Ecumenical Temple.
  8574 | D:7      | Reached skill level 9 in Spellcasting
  8648 | Temple   | Entered the Ecumenical Temple
  8747 | Temple   | Became a worshipper of Ru the Awakened
  8904 | D:7      | Found a burning altar of Makhleb.
  9438 | D:8      | Noticed Pikel
  9443 | D:8      | Paralysed by Pikel for 2 turns
  9453 | D:8      | Killed Pikel
  9454 | D:8      | Reached XP level 10. HP: 77/77 MP: 11/23
 10519 | D:8      | Gained mutation: You cannot study or use magical devices.
                  | [Ru sacrifice]
 10519 | D:8      | Reached * piety under Ru
 10519 | D:8      | Reached ** piety under Ru
 10678 | D:8      | Reached skill level 10 in Spellcasting
 10907 | D:9      | Found a shimmering blue altar of Sif Muna.
 10907 | D:9      | Found a stormy altar of Qazlal.
 11413 | D:9      | Found a staircase to the Lair.
 11609 | D:9      | Found a glowing golden altar of the Shining One.
 11616 | D:9      | Noticed Erolcha
 11665 | D:9      | Mangled by Erolcha

Illustrated notes

Levels and vault maps discovered:
D:1:      minmay_arrival_doors, layout_rooms, minmay_tripent
D:2:      cheibrodos_helix_gallery, layout_basic, serial_shops,
          nicolae_shop_overgrown_old_shop, chequers_ecumenical_altar_lobes,
          hangedman_glass_teeth
D:3:      layout_loops_ring, lemuel_doored_altar, nicolae_wu_jian_wuxing_cycle
D:4:      layout_layer_cave, mainiacjoe_overflow_brackets,
          chequers_temple_overflow_minitemple
D:5:      layout_rooms, evilmike_ruin_ashenzari, nicolae_overflow_crystal_walls,
          serial_undead, serial_undead_e, serial_undead_f, serial_undead_b,
          serial_undead_f, serial_undead_f, serial_undead_f, serial_undead_b,
          kennysheep_minor_cross, nicolae_shop_firing_range
D:6:      layout_gridville
D:7:      layout_loops_ring, mainiacjoe_overflow_boulevard,
          minmay_temple_entry_drinking_statues, nicolae_shop_gadgets
D:8:      layout_cave_pools, serial_bayou_pond_c, minivault_10,
          amcnicky_mini_rare_corridor_liquid, bh_walls_and_bars, uniq_pikel
D:9:      layout_basic, mainiacjoe_overflow_six_doors_small,
          gammafunk_temple_overflow_statue, erik_lair_island, uniq_erolcha
Temple:   dpeg_three_leaves_temple

Skill      XL: |  1  2  3  4  5  6  7  8  9 10 |
---------------+-------------------------------+-----
Air Magic      | 4 5 7 8 9 |  9.3
Spellcasting   | 3 4 5 6 8 9 10 | 10.4
Conjurations   | 2 3 4 5 6 |  6.9
Stealth        | 2 |  2.0
Dodging        | 2 3 4 |  4.6
Fighting       | 1 2 3 |  3.9
Shields        | 1 2 |  2.7

Action                   |  1- 3 |  4- 6 |  7- 9 | 10-12 || total
-------------------------+-------+-------+-------+-------++-------
Melee: Dagger            |    14 |       |   117 |    50 ||   181
       Mace              |    10 |       |       |       ||    10
       Tailslap          |     3 |     5 |    24 |    14 ||    46
       Rapier            |     2 |       |       |       ||     2
       Hand axe          |       |    55 |    67 |       ||   122
 Cast: Shock             |    71 |   110 |   195 |   125 ||   501
       Airstrike         |       |       |    19 |     8 ||    27
Invok: Sacrifice Artific |       |       |       |     1 ||     1
 Abil: Breathe Dispellin |       |       |     1 |     3 ||     4
 Stab: Distracted        |     1 |       |       |       ||     1
       Sleeping          |       |     4 |     3 |       ||     7
Armor: Skin              |     9 |    24 |    84 |    28 ||   145
Dodge: Dodged            |    19 |    32 |   133 |    53 ||   237
Block: Other             |       |     9 |    59 |    23 ||    91
       Reflection        |       |       |       |     4 ||     4
